ST.LOUIS vs NEW JERSEY

Created - March-10-21 at 17:02

Goals
1 2 3 T
ST.LOUIS 0 0 0 0
NEW JERSEY 0 0 2 2
Shots
1 2 3 T
ST.LOUIS 6 5 3 14
NEW JERSEY 13 6 5 24

1st period

No Goal

Penalties :
Brenden Dillon (STL) for Cross-checking (Minor) at 6:47, Samuel Girard (NJ ) for Slashing (Minor) at 12:11

2nd period

No Goal

Penalties :
Dmitry Orlov (NJ ) for Holding (Minor) at 7:29, Mikael Granlund (NJ ) for Tripping (Minor) at 16:39

3rd period

1. NEW JERSEY , Sean Couturier 15 (Dmitry Orlov 14) at 18:11 (SH)
2. NEW JERSEY , Jeff Petry 11 (Sean Couturier 13, Dougie Hamilton 23) at 19:51 (Empty Net)

Penalties :
Jeff Petry (NJ ) for Holding (Minor) at 17:16

Goalie Stats

Semyon Varlamov (STL), 22 saves from 23 shots - (0.957), L, 10-9-3, 59:18 minutes
Cal Petersen (NJ ), 14 saves from 14 shots - (1.000), W, 6-4-1, 60:00 minutes

Players Stats for ST.LOUIS

Player Name              G  A  P  +/- PIM S  H  SB GA TA FO     MP     PP MP  PK MP  
------------------------------------------------------------------------------------
Adam Fox                 0  0  0   0  0   0  0  0  0  0  0/0    16:41   0:00   1:09 
Andy Greene              0  0  0  -2  0   1  0  2  0  0  0/0    23:13   4:14   0:50 
Blake Lizotte            0  0  0  -1  0   0  0  0  0  0  0/0     0:55   0:19   0:00 
Brayden McNabb           0  0  0   0  0   1  1  0  0  0  0/0    20:48   3:21   1:03 
Brenden Dillon           0  0  0   0  2   0  1  0  0  0  0/0    19:24   2:42   0:00 
Brett Connolly           0  0  0   0  0   0  1  0  0  0  0/1    17:55   3:10   0:00 
Brett Howden             0  0  0   0  0   0  1  0  0  0  6/11   13:08   0:00   0:00 
Carl Soderberg           0  0  0   0  0   1  4  0  0  0  5/15   18:33   3:10   0:38 
Darnell Nurse            0  0  0  -1  0   0  1  0  0  0  0/0    22:39   4:35   0:50 
Eric Fehr                0  0  0   0  0   0  0  0  0  0  3/5     6:25   0:00   0:00 
Jaden Schwartz           0  0  0   0  0   1  0  0  0  0  2/5    18:33   3:10   0:38 
James Neal               0  0  0  -1  0   1  1  0  0  0  1/3    14:21   0:19   0:18 
Jeff Carter              0  0  0  -1  0   2  4  0  0  0  0/0    19:56   4:27   0:18 
Johnny Gaudreau          0  0  0  -1  0   2  0  0  0  0  0/1    20:41   4:27   1:03 
Joonas Donskoi           0  0  0  -1  0   1  2  0  0  0  0/1    14:03   0:19   0:00 
Neal Pionk               0  0  0  -1  0   2  1  1  0  0  0/0    17:14   1:00   0:06 
Ryan Johansen            0  0  0  -1  0   0  1  0  0  0  13/26  20:41   4:27   1:03 
Sam Gagner               0  0  0   0  0   1  0  0  0  0  1/1     6:25   0:00   0:00 
Tim Schaller             0  0  0   0  0   1  1  0  0  0  0/0     6:25   0:00   0:00 

Players Stats for NEW JERSEY

Player Name              G  A  P  +/- PIM S  H  SB GA TA FO     MP     PP MP  PK MP  
------------------------------------------------------------------------------------
Alex DeBrincat           0  0  0   0  0   4  0  0  0  0  1/1    15:17   1:05   0:00 
Anders Lee               0  0  0   1  0   1  2  0  0  0  0/0    15:42   0:54   0:00 
Andrew Copp              0  0  0   0  0   0  0  0  0  0  5/12   11:37   0:00   2:35 
Anthony Duclair          0  0  0   0  0   0  0  0  0  0  0/0    11:38   0:00   1:11 
Brad Hunt                0  0  0   1  0   0  1  0  0  0  0/0    16:36   0:00   2:58 
Danton Heinen            0  0  0   0  0   1  0  0  0  0  0/0     9:02   0:00   0:00 
Derek Stepan             0  0  0   1  0   3  1  0  0  0  9/12   14:28   0:00   4:01 
Dmitry Orlov             0  1  1   1  2   1  1  0  0  0  0/0    20:57   0:41   2:46 
Dougie Hamilton          0  1  1   1  0   1  0  1  0  0  0/0    23:20   1:18   3:06 
Dylan Strome             0  0  0   0  0   1  0  0  0  0  10/15  15:06   0:54   0:00 
Evander Kane             0  0  0   1  0   3  4  0  0  0  0/1    20:04   1:05   2:35 
Jake Guentzel            0  0  0   0  0   0  1  1  0  0  0/0    16:42   0:54   0:00 
Jake Muzzin              0  0  0   0  0   0  1  0  0  0  0/0    20:43   0:00   4:01 
Jeff Petry               1  0  1   1  2   3  1  0  0  0  0/0    22:46   1:18   2:33 
Mikael Granlund          0  0  0   0  2   4  1  0  0  0  1/3    10:26   0:00   0:00 
Samuel Girard            0  0  0   0  2   1  2  1  0  0  0/0    15:35   0:41   0:28 
Sean Couturier           1  1  2   2  0   1  0  0  0  0  12/25  22:04   1:05   4:35 
Zach Aston-Reese         0  0  0   0  0   0  2  0  0  0  0/0     9:57   0:00   0:55 

3 Stars

1 - Sean Couturier (NJ )
2 - Cal Petersen (NJ )
3 - Semyon Varlamov (STL)

Power Play

ST.LOUIS - 0 on 4 Attempt(s) - 0.00%
NEW JERSEY - 0 on 1 Attempt(s) - 0.00%

Penalty Kill

ST.LOUIS - 1 on 1 Attempt(s) - 100.00% - Score 0 goal in Penalty Kill
NEW JERSEY - 4 on 4 Attempt(s) - 100.00% - Score 1 goal in Penalty Kill

Team Stat

ST.LOUIS - Hits : 19 - Faceoff Wins : 31 - Blocked Shots : 3 - Penalty Minutes : 2
NEW JERSEY - Hits : 17 - Faceoff Wins : 38 - Blocked Shots : 3 - Penalty Minutes : 8

Official

Referees : Andrew Howard and Dave Lewis
Linesman : Libor Suchanek and Travis Toomey

Game Notes

Jeff Petry has scored in a empty net!

Finance

Level 1 -- Attendance: 4572 (76.20%) -- Ticket Income $457,200
Level 2 -- Attendance: 4012 (80.24%) -- Ticket Income $240,720
Level 3 -- Attendance: 1348 (67.40%) -- Ticket Income $53,920
Level 4 -- Attendance: 3814 (95.35%) -- Ticket Income $76,280
Luxury Box -- Attendance: 927 (92.70%) -- Ticket Income $166,860
Game was played at the Binghamton Devils.
Total Attendance: 14673 (81.52%)
Total Ticket Income: $994,980
Total Income: $994,980

ST.LOUIS

5 vs 5 Forward 
   Center                   Left Wing                Right Wing               Time % Phy DF OF 
 1 Ryan Johansen            Johnny Gaudreau          Jeff Carter              35     1   2  2  
 2 Carl Soderberg           Jaden Schwartz           Brett Connolly           30     1   2  2  
 3 Brett Howden             Joonas Donskoi           James Neal               25     1   2  2  
 4 Eric Fehr                Tim Schaller             Sam Gagner               10     1   2  2  

5 vs 5 Defense 
   Defense                  Defense                                           Time % Phy DF OF 
 1 Darnell Nurse            Andy Greene                                       35     1   2  2  
 2 Brayden McNabb           Brenden Dillon                                    30     1   2  2  
 3 Neal Pionk               Adam Fox                                          25     1   2  2  
 4 Darnell Nurse            Andy Greene                                       10     1   2  2  

PowerPlay Forward 
   Center                   Left Wing                Right Wing               Time % Phy DF OF 
 1 Ryan Johansen            Johnny Gaudreau          Jeff Carter              60     1   2  2  
 2 Carl Soderberg           Jaden Schwartz           Brett Connolly           40     1   2  2  

PowerPlay Defense
   Defense                  Defense                                           Time % Phy DF OF 
 1 Darnell Nurse            Andy Greene                                       60     1   2  2  
 2 Brayden McNabb           Brenden Dillon                                    40     1   2  2  

Penalty Kill 4 Players Forward 
   Center                   Wing                     Time % Phy DF OF 
 1 Johnny Gaudreau          Ryan Johansen            60     1   2  2  
 2 Jaden Schwartz           Carl Soderberg           40     1   2  2  

Penalty Kill 4 Players Defense
   Defense                  Defense                  Time % Phy DF OF 
 1 Darnell Nurse            Andy Greene              60     1   2  2  
 2 Brayden McNabb           Brenden Dillon           40     1   2  2  

Penalty Kill - 3 Players Forward 
   Forward                                           Time % Phy DF OF 
 1 Johnny Gaudreau                                   60     1   2  2  
 2 Ryan Johansen                                     40     1   2  2  

Penalty Kill - 3 Players Defense
   Defense                  Defense                  Time % Phy DF OF 
 1 Darnell Nurse            Andy Greene              60     1   2  2  
 2 Brayden McNabb           Brenden Dillon           40     1   2  2  

4 vs 4 Forward 
   Center                   Wing                     Time % Phy DF OF 
 1 Johnny Gaudreau          Ryan Johansen            60     1   2  2  
 2 Jaden Schwartz           Carl Soderberg           40     1   2  2  

4 vs 4 Defense
   Defense                  Defense                  Time % Phy DF OF 
 1 Darnell Nurse            Andy Greene              60     1   2  2  
 2 Brayden McNabb           Brenden Dillon           40     1   2  2  

Last Minutes Offensive
   Center                   Left Wing                Right Wing               Defense                  Defense                  
   Ryan Johansen            Johnny Gaudreau          Jeff Carter              Darnell Nurse            Andy Greene              

Last Minutes Defensive
   Center                   Left Wing                Right Wing               Defense                  Defense                  
   Ryan Johansen            Johnny Gaudreau          Jeff Carter              Darnell Nurse            Andy Greene              

Goaltenders
Starting : Semyon Varlamov          
Backup : Elvis Merzlikins         

Extra Forwards
Normal : Blake Lizotte, Joonas Donskoi, James Neal - PP : Blake Lizotte, Joonas Donskoi - PK : James Neal
Extra Defensemen
Normal : Neal Pionk, Adam Fox, Brayden McNabb - PP : Neal Pionk - PK : Adam Fox, Brayden McNabb
Penalty Shots
Johnny Gaudreau, Ryan Johansen, Jaden Schwartz, Carl Soderberg, Jeff Carter

Scratches
STL Cap Hit (Suspend), Nick Ritchie (Healthy)

NEW JERSEY

5 vs 5 Forward 
   Center                   Left Wing                Right Wing               Time % Phy DF OF 
 1 Sean Couturier           Evander Kane             Jake Guentzel            35     1   2  2  
 2 Dylan Strome             Anders Lee               Alex DeBrincat           30     1   2  2  
 3 Derek Stepan             Mikael Granlund          Anthony Duclair          20     1   2  2  
 4 Andrew Copp              Zach Aston-Reese         Danton Heinen            15     1   2  2  

5 vs 5 Defense 
   Defense                  Defense                                           Time % Phy DF OF 
 1 Dougie Hamilton          Jeff Petry                                        35     1   2  2  
 2 Jake Muzzin              Dmitry Orlov                                      30     1   2  2  
 3 Samuel Girard            Brad Hunt                                         25     1   2  2  
 4 Dougie Hamilton          Jeff Petry                                        10     1   2  2  

PowerPlay Forward 
   Center                   Left Wing                Right Wing               Time % Phy DF OF 
 1 Sean Couturier           Evander Kane             Alex DeBrincat           60     1   2  2  
 2 Dylan Strome             Anders Lee               Jake Guentzel            40     1   2  2  

PowerPlay Defense
   Defense                  Defense                                           Time % Phy DF OF 
 1 Dougie Hamilton          Jeff Petry                                        60     1   2  2  
 2 Samuel Girard            Dmitry Orlov                                      40     1   2  2  

Penalty Kill 4 Players Forward 
   Center                   Wing                     Time % Phy DF OF 
 1 Sean Couturier           Derek Stepan             60     1   2  2  
 2 Andrew Copp              Evander Kane             40     1   2  2  

Penalty Kill 4 Players Defense
   Defense                  Defense                  Time % Phy DF OF 
 1 Dougie Hamilton          Jake Muzzin              60     1   2  2  
 2 Jeff Petry               Dmitry Orlov             40     1   2  2  

Penalty Kill - 3 Players Forward 
   Forward                                           Time % Phy DF OF 
 1 Sean Couturier                                    60     1   2  2  
 2 Derek Stepan                                      40     1   2  2  

Penalty Kill - 3 Players Defense
   Defense                  Defense                  Time % Phy DF OF 
 1 Dougie Hamilton          Jake Muzzin              60     1   2  2  
 2 Jeff Petry               Dmitry Orlov             40     1   2  2  

4 vs 4 Forward 
   Center                   Wing                     Time % Phy DF OF 
 1 Sean Couturier           Jake Guentzel            60     1   2  2  
 2 Dylan Strome             Evander Kane             40     1   2  2  

4 vs 4 Defense
   Defense                  Defense                  Time % Phy DF OF 
 1 Dougie Hamilton          Jeff Petry               60     1   2  2  
 2 Samuel Girard            Dmitry Orlov             40     1   2  2  

Last Minutes Offensive
   Center                   Left Wing                Right Wing               Defense                  Defense                  
   Sean Couturier           Anders Lee               Evander Kane             Dougie Hamilton          Jeff Petry               

Last Minutes Defensive
   Center                   Left Wing                Right Wing               Defense                  Defense                  
   Sean Couturier           Anders Lee               Evander Kane             Dougie Hamilton          Jeff Petry               

Goaltenders
Starting : Cal Petersen             
Backup : Matt Murray              

Extra Forwards
Normal : Andrew Copp, Mikael Granlund, Anthony Duclair - PP : Andrew Copp, Mikael Granlund - PK : Anthony Duclair
Extra Defensemen
Normal : Samuel Girard, Brad Hunt, Jake Muzzin - PP : Samuel Girard - PK : Brad Hunt, Jake Muzzin
Penalty Shots
Sean Couturier, Anders Lee, Evander Kane, Jake Guentzel, Alex DeBrincat

Scratches
Jonathan Bernier (Healthy)

% Time on Ice - ST.LOUIS

Lines # - Real PCT - Wanted PCT - Time Play
Normal Forward
1 - 31% - 35% - 15:11
2 - 30% - 30% - 14:45
3 - 27% - 25% - 13:08
4 - 13% - 10% - 6:25
Normal Defense
1 - 32% - 35% - 15:55
2 - 34% - 30% - 16:43
3 - 31% - 25% - 15:32
4 - 3% - 10% - 1:19
PP Forward
1 - 60% - 60% - 4:46
2 - 40% - 40% - 3:10
PP Defense
1 - 58% - 60% - 4:35
2 - 42% - 40% - 3:21
PK Forward
1 - 68% - 60% - 1:21
2 - 32% - 40% - 0:38
PK Defense
1 - 42% - 60% - 0:50
2 - 58% - 40% - 1:09
PK3 Forward
1 - 0% - 60%
2 - 0% - 40%
PK3 Defense
1 - 0% - 60%
2 - 0% - 40%
44 Forward
1 - 0% - 60%
2 - 0% - 40%
44 Defense
1 - 0% - 60%
2 - 0% - 40%
Last Minute Offensive  - 0:36
Last Minute Defensive  - 0:00
Total
Forward - 60:00
Defense - 60:00

% Time on Ice - NEW JERSEY

Lines # - Real PCT - Wanted PCT - Time Play
Normal Forward
1 - 32% - 35% - 15:48
2 - 29% - 30% - 14:12
3 - 21% - 20% - 10:27
4 - 18% - 15% - 9:02
Normal Defense
1 - 32% - 35% - 15:56
2 - 35% - 30% - 17:31
3 - 28% - 25% - 13:38
4 - 5% - 10% - 2:24
PP Forward
1 - 55% - 60% - 1:05
2 - 45% - 40% - 0:54
PP Defense
1 - 66% - 60% - 1:18
2 - 34% - 40% - 0:41
PK Forward
1 - 67% - 60% - 5:21
2 - 33% - 40% - 2:35
PK Defense
1 - 51% - 60% - 4:01
2 - 49% - 40% - 3:55
PK3 Forward
1 - 0% - 60%
2 - 0% - 40%
PK3 Defense
1 - 0% - 60%
2 - 0% - 40%
44 Forward
1 - 0% - 60%
2 - 0% - 40%
44 Defense
1 - 0% - 60%
2 - 0% - 40%
Last Minute Offensive  - 0:00
Last Minute Defensive  - 0:36
Total
Forward - 60:00
Defense - 60:00

Play-by-Play

1st period


0:01 of 1st period - Sean Couturier wins face-off versus Ryan Johansen in neutral zone.
0:04 of 1st period - Shot by Jake Guentzel.
0:04 of 1st period - Shot Misses the Net.
0:06 of 1st period - Shot by Jeff Petry.
0:06 of 1st period - Stopped by Semyon Varlamov without a rebound.
0:07 of 1st period - Jaden Schwartz wins face-off versus Dylan Strome in ST.LOUIS zone.
0:23 of 1st period - Brett Connolly is hit by Dmitry Orlov and loses puck.
1:37 of 1st period - Icing by Evander Kane.
1:38 of 1st period - Sean Couturier wins face-off versus Ryan Johansen in NEW JERSEY zone.
2:05 of 1st period - Shot by Derek Stepan.
2:05 of 1st period - Stopped by Semyon Varlamov without a rebound.
2:06 of 1st period - Andrew Copp wins face-off versus Eric Fehr in ST.LOUIS zone.
2:11 of 1st period - Shot by Danton Heinen.
2:11 of 1st period - Stopped by Semyon Varlamov without a rebound.
2:12 of 1st period - Eric Fehr wins face-off versus Andrew Copp in ST.LOUIS zone.
2:48 of 1st period - Icing by Eric Fehr.
2:49 of 1st period - Derek Stepan wins face-off versus Eric Fehr in ST.LOUIS zone.
3:27 of 1st period - Icing by Jake Muzzin.
3:28 of 1st period - Derek Stepan wins face-off versus Ryan Johansen in NEW JERSEY zone.
4:05 of 1st period - Shot by Anders Lee.
4:05 of 1st period - Deflect By Dylan Strome.
4:05 of 1st period - Shot Misses the Net.
4:07 of 1st period - Shot by Anders Lee.
4:07 of 1st period - Shot Misses the Net.
4:09 of 1st period - Shot by Alex DeBrincat.
4:09 of 1st period - Stopped by Semyon Varlamov without a rebound.
4:10 of 1st period - Sean Couturier wins face-off versus Brett Howden in ST.LOUIS zone.
4:20 of 1st period - Icing by Brenden Dillon.
4:21 of 1st period - Andrew Copp wins face-off versus Brett Howden in ST.LOUIS zone.
4:26 of 1st period - Shot by Zach Aston-Reese.
4:26 of 1st period - Shot Misses the Net.
4:49 of 1st period - Shot by Dougie Hamilton.
4:49 of 1st period - Shot Misses the Net.
5:18 of 1st period - Shot by Brett Connolly.
5:18 of 1st period - Shot Blocked by Dougie Hamilton.
5:24 of 1st period - Darnell Nurse is hit by Zach Aston-Reese and loses puck.
5:54 of 1st period - Icing by Darnell Nurse.
5:55 of 1st period - Dylan Strome wins face-off versus Carl Soderberg in ST.LOUIS zone.
6:20 of 1st period - Shot by Alex DeBrincat.
6:20 of 1st period - Stopped by Semyon Varlamov without a rebound.
6:21 of 1st period - Ryan Johansen wins face-off versus Sean Couturier in ST.LOUIS zone.
6:28 of 1st period - Shot by Ryan Johansen.
6:28 of 1st period - Shot Misses the Net.
6:47 of 1st period - Minor Penalty to Brenden Dillon for Cross-checking.
6:48 of 1st period - Dylan Strome wins face-off versus Johnny Gaudreau in ST.LOUIS zone.
7:17 of 1st period - Shot by Dougie Hamilton.
7:17 of 1st period - Shot Misses the Net.
7:39 of 1st period - Shot by Samuel Girard.
7:39 of 1st period - Shot Misses the Net.
8:02 of 1st period - Shot by Alex DeBrincat.
8:02 of 1st period - Stopped by Semyon Varlamov without a rebound.
8:03 of 1st period - Jaden Schwartz wins face-off versus Evander Kane in ST.LOUIS zone.
8:14 of 1st period - Darnell Nurse is hit by Evander Kane and loses puck.
9:08 of 1st period - Shot by Sam Gagner.
9:08 of 1st period - Stopped by Cal Petersen without a rebound.
9:09 of 1st period - Andrew Copp wins face-off versus Brett Howden in NEW JERSEY zone.
9:09 of 1st period - Andrew Copp is hit by Joonas Donskoi.
9:37 of 1st period - Joonas Donskoi is hit by Samuel Girard and loses puck.
10:46 of 1st period - Shot by Derek Stepan.
10:46 of 1st period - Shot Misses the Net.
11:14 of 1st period - Shot by Evander Kane.
11:14 of 1st period - Stopped by Semyon Varlamov without a rebound.
11:15 of 1st period - Eric Fehr wins face-off versus Dylan Strome in ST.LOUIS zone.
11:36 of 1st period - Shot by Tim Schaller.
11:36 of 1st period - Stopped by Cal Petersen without a rebound.
11:37 of 1st period - Brett Howden wins face-off versus Sean Couturier in NEW JERSEY zone.
11:58 of 1st period - Shot by Brett Howden.
11:58 of 1st period - Shot Misses the Net.
12:00 of 1st period - Shot by Darnell Nurse.
12:00 of 1st period - Shot Blocked by Samuel Girard.
12:02 of 1st period - Shot by Andy Greene.
12:02 of 1st period - Stopped by Cal Petersen with a rebound.
12:11 of 1st period - Minor Penalty to Samuel Girard for Slashing.
12:12 of 1st period - Ryan Johansen wins face-off versus Derek Stepan in NEW JERSEY zone.
12:13 of 1st period - Shot by Johnny Gaudreau.
12:13 of 1st period - Shot Misses the Net.
12:25 of 1st period - Shot by Brenden Dillon.
12:25 of 1st period - Shot Misses the Net.
12:27 of 1st period - Shot by Brayden McNabb.
12:27 of 1st period - Stopped by Cal Petersen without a rebound.
12:28 of 1st period - Sean Couturier wins face-off versus Jaden Schwartz in NEW JERSEY zone.
12:28 of 1st period - Sean Couturier is hit by Carl Soderberg.
13:25 of 1st period - Dougie Hamilton is hit by Jeff Carter and loses puck.
13:49 of 1st period - Icing by Brayden McNabb.
13:50 of 1st period - Andrew Copp wins face-off versus Ryan Johansen in ST.LOUIS zone.
13:50 of 1st period - Andrew Copp is hit by Brenden Dillon.
13:54 of 1st period - Shot by Evander Kane.
13:54 of 1st period - Stopped by Semyon Varlamov without a rebound.
13:55 of 1st period - Sean Couturier wins face-off versus Jaden Schwartz in ST.LOUIS zone.
14:00 of 1st period - Shot by Jeff Petry.
14:00 of 1st period - Shot Misses the Net.
14:02 of 1st period - Shot by Dmitry Orlov.
14:02 of 1st period - Shot Misses the Net.
14:15 of 1st period - Off-side.
14:16 of 1st period - Brett Howden wins face-off versus Dylan Strome in neutral zone.
14:36 of 1st period - Brett Howden is hit by Samuel Girard and loses puck.
14:43 of 1st period - Shot by James Neal.
14:43 of 1st period - Stopped by Cal Petersen without a rebound.
14:44 of 1st period - Ryan Johansen wins face-off versus Andrew Copp in NEW JERSEY zone.
15:03 of 1st period - Shot by Danton Heinen.
15:03 of 1st period - Shot Misses the Net.
15:13 of 1st period - Shot by Jeff Petry.
15:13 of 1st period - Stopped by Semyon Varlamov with a rebound.
15:15 of 1st period - Shot by Dougie Hamilton.
15:15 of 1st period - Stopped by Semyon Varlamov without a rebound.
15:16 of 1st period - Sean Couturier wins face-off versus Carl Soderberg in ST.LOUIS zone.
15:27 of 1st period - Shot by Jaden Schwartz.
15:27 of 1st period - Stopped by Cal Petersen without a rebound.
15:28 of 1st period - Dylan Strome wins face-off versus James Neal in NEW JERSEY zone.
16:06 of 1st period - Shot by Brett Howden.
16:06 of 1st period - Shot Misses the Net.
16:56 of 1st period - Shot by Jake Guentzel.
16:56 of 1st period - Shot Misses the Net.
17:14 of 1st period - Shot by Dmitry Orlov.
17:14 of 1st period - Stopped by Semyon Varlamov without a rebound.
17:15 of 1st period - Derek Stepan wins face-off versus Carl Soderberg in ST.LOUIS zone.
17:40 of 1st period - Shot by Mikael Granlund.
17:40 of 1st period - Stopped by Semyon Varlamov without a rebound.
17:41 of 1st period - Dylan Strome wins face-off versus Joonas Donskoi in ST.LOUIS zone.
17:52 of 1st period - Samuel Girard is hit by Brett Howden and loses puck.
18:06 of 1st period - Joonas Donskoi is hit by Brad Hunt and loses puck.
18:34 of 1st period - Icing by Dougie Hamilton.
18:35 of 1st period - Carl Soderberg wins face-off versus Sean Couturier in NEW JERSEY zone.
18:47 of 1st period - Shot by Sean Couturier.
18:47 of 1st period - Shot Misses the Net.
19:01 of 1st period - Shot by Brayden McNabb.
19:01 of 1st period - Shot Misses the Net.
19:11 of 1st period - Icing by Brayden McNabb.
19:12 of 1st period - Carl Soderberg wins face-off versus Derek Stepan in ST.LOUIS zone.
19:37 of 1st period - Shot by Mikael Granlund.
19:37 of 1st period - Stopped by Semyon Varlamov without a rebound.
19:38 of 1st period - Alex DeBrincat wins face-off versus Ryan Johansen in ST.LOUIS zone.
Goals for this period are 0 for ST.LOUIS vs 0 for NEW JERSEY.
Shots for this period are 6 for ST.LOUIS vs 13 for NEW JERSEY.

2nd period


0:01 of 2nd period - Ryan Johansen wins face-off versus Sean Couturier in neutral zone.
0:20 of 2nd period - Dougie Hamilton is hit by Ryan Johansen and loses puck.
0:51 of 2nd period - Jake Guentzel is hit by Carl Soderberg.
0:55 of 2nd period - Sean Couturier is hit by Carl Soderberg.
1:50 of 2nd period - Off-side.
1:51 of 2nd period - James Neal wins face-off versus Mikael Granlund in neutral zone.
2:30 of 2nd period - Shot by Derek Stepan.
2:30 of 2nd period - Stopped by Semyon Varlamov with a rebound.
2:41 of 2nd period - Neal Pionk is hit by Anders Lee.
3:00 of 2nd period - Shot by Dylan Strome.
3:00 of 2nd period - Stopped by Semyon Varlamov with a rebound.
3:10 of 2nd period - Shot by Anders Lee.
3:10 of 2nd period - Shot Misses the Net.
3:37 of 2nd period - Icing by Brayden McNabb.
3:38 of 2nd period - Sam Gagner wins face-off versus Sean Couturier in ST.LOUIS zone.
4:32 of 2nd period - Shot by Carl Soderberg.
4:32 of 2nd period - Shot Blocked by Jake Guentzel.
4:34 of 2nd period - Shot by Neal Pionk.
4:34 of 2nd period - Stopped by Cal Petersen without a rebound.
4:35 of 2nd period - Dylan Strome wins face-off versus Ryan Johansen in NEW JERSEY zone.
4:50 of 2nd period - Shot by Anders Lee.
4:50 of 2nd period - Stopped by Semyon Varlamov without a rebound.
4:51 of 2nd period - Derek Stepan wins face-off versus Carl Soderberg in ST.LOUIS zone.
5:10 of 2nd period - Shot by Neal Pionk.
5:10 of 2nd period - Stopped by Cal Petersen with a rebound.
5:21 of 2nd period - Off-side.
5:22 of 2nd period - Ryan Johansen wins face-off versus Dylan Strome in neutral zone.
5:35 of 2nd period - Shot by Darnell Nurse.
5:35 of 2nd period - Shot Misses the Net.
5:51 of 2nd period - Shot by Anders Lee.
5:51 of 2nd period - Shot Blocked by Andy Greene.
6:47 of 2nd period - Jake Muzzin is hit by Brayden McNabb and loses puck.
7:00 of 2nd period - Icing by Jake Muzzin.
7:01 of 2nd period - Carl Soderberg wins face-off versus Sean Couturier in NEW JERSEY zone.
7:29 of 2nd period - Minor Penalty to Dmitry Orlov for Holding.
7:30 of 2nd period - Ryan Johansen wins face-off versus Sean Couturier in NEW JERSEY zone.
7:39 of 2nd period - Shot by Johnny Gaudreau.
7:39 of 2nd period - Stopped by Cal Petersen without a rebound.
7:40 of 2nd period - Sean Couturier wins face-off versus Ryan Johansen in NEW JERSEY zone.
7:40 of 2nd period - Sean Couturier is hit by Jeff Carter.
10:39 of 2nd period - Shot by Sam Gagner.
10:39 of 2nd period - Shot Misses the Net.
11:36 of 2nd period - Off-side.
11:37 of 2nd period - Derek Stepan wins face-off versus Carl Soderberg in neutral zone.
11:44 of 2nd period - Shot by Anthony Duclair.
11:44 of 2nd period - Deflect By Mikael Granlund.
11:44 of 2nd period - Stopped by Semyon Varlamov without a rebound.
11:45 of 2nd period - Sean Couturier wins face-off versus Jaden Schwartz in ST.LOUIS zone.
11:54 of 2nd period - Shot by Sean Couturier.
11:54 of 2nd period - Shot Misses the Net.
13:48 of 2nd period - Dylan Strome is hit by Neal Pionk and loses puck.
14:43 of 2nd period - Andy Greene is hit by Jake Guentzel and loses puck.
15:17 of 2nd period - Zach Aston-Reese is hit by Carl Soderberg.
15:26 of 2nd period - Icing by Brenden Dillon.
15:27 of 2nd period - Derek Stepan wins face-off versus Carl Soderberg in ST.LOUIS zone.
16:25 of 2nd period - Dougie Hamilton is hit by Jeff Carter and loses puck.
16:39 of 2nd period - Minor Penalty to Mikael Granlund for Tripping.
16:40 of 2nd period - Ryan Johansen wins face-off versus Sean Couturier in NEW JERSEY zone.
17:07 of 2nd period - Shot by Johnny Gaudreau.
17:07 of 2nd period - Stopped by Cal Petersen without a rebound.
17:08 of 2nd period - Sean Couturier wins face-off versus Ryan Johansen in NEW JERSEY zone.
18:08 of 2nd period - Neal Pionk is hit by Evander Kane and loses puck.
19:07 of 2nd period - Shot by Alex DeBrincat.
19:07 of 2nd period - Stopped by Semyon Varlamov with a rebound.
19:09 of 2nd period - Shot by Samuel Girard.
19:09 of 2nd period - Stopped by Semyon Varlamov without a rebound.
19:10 of 2nd period - Brett Howden wins face-off versus Andrew Copp in ST.LOUIS zone.
19:17 of 2nd period - Andrew Copp is hit by James Neal and loses puck.
19:28 of 2nd period - Shot by Joonas Donskoi.
19:28 of 2nd period - Stopped by Cal Petersen without a rebound.
19:29 of 2nd period - Derek Stepan wins face-off versus Ryan Johansen in NEW JERSEY zone.
Goals for this period are 0 for ST.LOUIS vs 0 for NEW JERSEY.
Shots for this period are 5 for ST.LOUIS vs 6 for NEW JERSEY.

3rd period


0:01 of 3rd period - Ryan Johansen wins face-off versus Sean Couturier in neutral zone.
0:15 of 3rd period - Shot by Jeff Carter.
0:15 of 3rd period - Shot Misses the Net.
1:20 of 3rd period - Shot by Carl Soderberg.
1:20 of 3rd period - Stopped by Cal Petersen without a rebound.
1:21 of 3rd period - Brett Howden wins face-off versus Andrew Copp in NEW JERSEY zone.
1:59 of 3rd period - Icing by Joonas Donskoi.
2:00 of 3rd period - Dylan Strome wins face-off versus James Neal in ST.LOUIS zone.
2:01 of 3rd period - Shot by Anders Lee.
2:01 of 3rd period - Shot Misses the Net.
2:09 of 3rd period - Icing by Jake Muzzin.
2:10 of 3rd period - Dylan Strome wins face-off versus Brett Connolly in NEW JERSEY zone.
2:19 of 3rd period - Jaden Schwartz is hit by Anders Lee and loses puck.
2:32 of 3rd period - Icing by Dylan Strome.
2:33 of 3rd period - Dylan Strome wins face-off versus Ryan Johansen in NEW JERSEY zone.
2:33 of 3rd period - Dylan Strome is hit by Darnell Nurse.
3:34 of 3rd period - Icing by Brenden Dillon.
3:35 of 3rd period - Sean Couturier wins face-off versus Carl Soderberg in ST.LOUIS zone.
4:04 of 3rd period - Shot by Jake Guentzel.
4:04 of 3rd period - Shot Misses the Net.
4:06 of 3rd period - Shot by Jeff Petry.
4:06 of 3rd period - Shot Misses the Net.
4:08 of 3rd period - Shot by Evander Kane.
4:08 of 3rd period - Stopped by Semyon Varlamov without a rebound.
4:09 of 3rd period - Brett Howden wins face-off versus Mikael Granlund in ST.LOUIS zone.
4:09 of 3rd period - Adam Fox is hit by Mikael Granlund and loses puck.
4:36 of 3rd period - Shot by Mikael Granlund.
4:36 of 3rd period - Stopped by Semyon Varlamov without a rebound.
4:37 of 3rd period - Ryan Johansen wins face-off versus Andrew Copp in ST.LOUIS zone.
4:37 of 3rd period - Ryan Johansen is hit by Zach Aston-Reese.
4:44 of 3rd period - Off-side.
4:45 of 3rd period - Ryan Johansen wins face-off versus Sean Couturier in neutral zone.
4:55 of 3rd period - Jeff Carter is hit by Jeff Petry and loses puck.
4:58 of 3rd period - Shot by Johnny Gaudreau.
4:58 of 3rd period - Deflect By Jeff Carter.
4:58 of 3rd period - Stopped by Cal Petersen without a rebound.
4:59 of 3rd period - Dylan Strome wins face-off versus Carl Soderberg in NEW JERSEY zone.
6:06 of 3rd period - Andy Greene is hit by Evander Kane.
6:54 of 3rd period - Icing by Andy Greene.
6:55 of 3rd period - Mikael Granlund wins face-off versus Ryan Johansen in ST.LOUIS zone.
7:32 of 3rd period - Shot by Derek Stepan.
7:32 of 3rd period - Stopped by Semyon Varlamov without a rebound.
7:33 of 3rd period - Carl Soderberg wins face-off versus Andrew Copp in ST.LOUIS zone.
8:20 of 3rd period - Icing by Dmitry Orlov.
8:21 of 3rd period - Andrew Copp wins face-off versus Brett Howden in NEW JERSEY zone.
8:49 of 3rd period - Shot by Adam Fox.
8:49 of 3rd period - Shot Misses the Net.
9:28 of 3rd period - Icing by Dougie Hamilton.
9:29 of 3rd period - Sean Couturier wins face-off versus Ryan Johansen in NEW JERSEY zone.
9:59 of 3rd period - Shot by Sean Couturier.
9:59 of 3rd period - Deflect By Jake Guentzel.
9:59 of 3rd period - Shot Misses the Net.
10:18 of 3rd period - Icing by Dougie Hamilton.
10:19 of 3rd period - Sean Couturier wins face-off versus Carl Soderberg in NEW JERSEY zone.
11:20 of 3rd period - Icing by Adam Fox.
11:21 of 3rd period - Derek Stepan wins face-off versus Brett Howden in ST.LOUIS zone.
12:13 of 3rd period - Andrew Copp is hit by Joonas Donskoi and loses puck.
13:02 of 3rd period - Off-side.
13:03 of 3rd period - Dylan Strome wins face-off versus Carl Soderberg in neutral zone.
13:12 of 3rd period - Off-side.
13:13 of 3rd period - Ryan Johansen wins face-off versus Sean Couturier in neutral zone.
13:15 of 3rd period - Jeff Carter is hit by Jake Muzzin and loses puck.
13:42 of 3rd period - Brenden Dillon is hit by Evander Kane and loses puck.
13:47 of 3rd period - Jake Muzzin is hit by Jeff Carter.
15:02 of 3rd period - Mikael Granlund is hit by Brett Connolly and loses puck.
15:47 of 3rd period - Derek Stepan is hit by Tim Schaller and loses puck.
17:05 of 3rd period - Shot by Jeff Carter.
17:05 of 3rd period - Shot Misses the Net.
17:07 of 3rd period - Shot by Johnny Gaudreau.
17:07 of 3rd period - Shot Misses the Net.
17:09 of 3rd period - Shot by Jeff Carter.
17:09 of 3rd period - Stopped by Cal Petersen without a rebound.
17:10 of 3rd period - Brett Howden wins face-off versus Dylan Strome in NEW JERSEY zone.
17:16 of 3rd period - Minor Penalty to Jeff Petry for Holding.
17:17 of 3rd period - Ryan Johansen wins face-off versus Sean Couturier in NEW JERSEY zone.
17:51 of 3rd period - Icing by Ryan Johansen.
17:52 of 3rd period - Ryan Johansen wins face-off versus Sean Couturier in ST.LOUIS zone.
17:52 of 3rd period - Ryan Johansen is hit by Derek Stepan.
18:11 of 3rd period - Shot by Sean Couturier.
18:11 of 3rd period - Goal by Sean Couturier - ST.LOUIS : 0 - NEW JERSEY : 1.
18:12 of 3rd period - Carl Soderberg wins face-off versus Andrew Copp in neutral zone.
19:01 of 3rd period - Icing by Jeff Carter.
19:02 of 3rd period - Derek Stepan wins face-off versus Ryan Johansen in ST.LOUIS zone.
19:09 of 3rd period - ST.LOUIS, Semyon Varlamov is pulled from the net.
19:23 of 3rd period - Shot by Evander Kane.
19:23 of 3rd period - Shot Misses the Net.
19:25 of 3rd period - Shot by Anders Lee.
19:25 of 3rd period - Shot Blocked by Neal Pionk.
19:33 of 3rd period - Shot by Jeff Petry.
19:33 of 3rd period - Shot Blocked by Andy Greene.
19:47 of 3rd period - Shot by Dougie Hamilton.
19:47 of 3rd period - Deflect By Sean Couturier.
19:47 of 3rd period - Shot Misses the Net.
19:49 of 3rd period - Shot by Sean Couturier.
19:49 of 3rd period - Shot Misses the Net.
19:51 of 3rd period - Shot by Jeff Petry.
19:51 of 3rd period - Goal by Jeff Petry - ST.LOUIS : 0 - NEW JERSEY : 2.
19:51 of 3rd period - Semyon Varlamov from ST.LOUIS was sent back in the game.
19:52 of 3rd period - Eric Fehr wins face-off versus Derek Stepan in neutral zone.
Goals for this period are 0 for ST.LOUIS vs 2 for NEW JERSEY.
Shots for this period are 3 for ST.LOUIS vs 5 for NEW JERSEY.